 Dungeon Crawl Stone Soup version 0.22.1-2-g9c5b331 (webtiles) character file.

8591 OPFEOP the Arsonist (level 11, -7/61 HPs)
             Began as an Octopode Fire Elementalist on Dec 8, 2018.
             Was a Priest of Vehumet.
             Mangled by Urug
             ... wielding a +0 broad axe of flaming
              (11 damage)
             ... on level 2 of the Lair of Beasts.
             The game lasted 00:45:51 (13180 turns).

OPFEOP the Arsonist (Octopode Fire Elementalist)   Turns: 13180, Time: 00:45:53

Health: -7/61      AC:  1    Str:  7    XL:     11   Next: 33%
Magic:  2/23       EV: 17    Int: 22    God:    Vehumet [***...]
Gold:   520        SH:  0    Dex: 16    Spells: 13/26 levels left

rFire    . . .     SeeInvis .   d - +2 dagger (venom)
rCold    . . .     Gourm    .   (no shield)
rNeg     . . .     Faith    .   (helmet restricted)
rPois    .         Spirit   .   (no amulet)
rElec    .         Reflect  .   u - ring of wizardry
rCorr    .         Harm     .   z - +4 ring of dexterity
MR       .....                  (no ring)
Stlth    +++.......             (no ring)
HPRegen  0.20/turn              (no ring)
MPRegen  0.18/turn              (no ring)
                                (no ring)
                                (no ring)

@: no status effects
A: almost no armour, stealthy swim, amphibious, 8 rings, constrict 8, camouflage
1, gelatinous body 1
a: Renounce Religion


You were on level 2 of the Lair of Beasts.
You worshipped Vehumet.
Vehumet was most pleased with you.
You were not hungry.

You visited 3 branches of the dungeon, and saw 11 of its levels.

You collected 520 gold pieces.

Inventory:

Hand Weapons
 d - a +2 dagger of venom (weapon)
 g - a -2 dagger
Armour
 m - a +0 shield
Jewellery
 u - a ring of wizardry (left tentacle)
 z - a +4 ring of dexterity (right tentacle)
Wands
 y - a wand of clouds (6)
 E - a wand of acid (7)
Scrolls
 a - 3 scrolls of magic mapping
 f - a scroll of holy word {unknown}
 i - 2 scrolls of identify
 k - 2 scrolls of fear
 n - 2 scrolls of immolation
 q - 2 scrolls of enchant weapon
 s - 3 scrolls of fog
 t - 3 scrolls of remove curse
 w - 4 scrolls of teleportation
 A - a scroll of random uselessness {unknown}
 B - a scroll of silence {unknown}
 F - a scroll of amnesia {unknown}
Potions
 c - 4 potions of magic
 e - 2 potions of berserk rage {unknown}
 h - 3 potions of heal wounds
 j - 5 potions of might
 l - a potion of resistance {unknown}
 o - a potion of mutation {unknown}
 p - a potion of ambrosia {unknown}
 r - 2 potions of cancellation
 v - a potion of lignification {unknown}
 x - a potion of invisibility
 C - a potion of flight {unknown}
 D - a potion of agility {unknown}
Comestibles
 b - 17 rations


   Skills:
 + Level 6.2 Dodging
 - Level 2.7 Stealth
 * Level 6.8 Shields
 * Level 8.0 Spellcasting
 * Level 8.5 Conjurations
 * Level 9.2 Fire Magic


You had 13 spell levels left.
You knew the following spells:

 Your Spells              Type           Power        Failure   Level  Hunger
a - Flame Tongue          Conj/Fire      #####        1%          1    None
b - Conjure Flame         Conj/Fire      #####...     1%          3    None
c - Sticky Flame          Conj/Fire      #####...     1%          4    ###....
d - Fireball              Conj/Fire      #####.....   1%          5    #####..

Your spell library contained the following spells:

 Spells                   Type           Power        Failure   Level  Hunger
 Dazzling Spray           Conj/Hex       ####..       1%          3    None
 Throw Flame              Conj/Fire      #####.       1%          2    None
 Inner Flame              Hex/Fire       ####....     1%          3    None


Dungeon Overview and Level Annotations

Branches:
Dungeon (8/15)             Temple (1/1) D:5            Lair (2/6) D:8
  Swamp: Lair:2-4    Shoals: Lair:2-4     Snake: Lair:2-4    Spider: Lair:2-4

Altars:
Ashenzari
Cheibriados
Dithmenos
Elyvilon
Fedhas
Gozag
Hepliaklqana
Kikubaaqudgha
Makhleb
Okawaru
Qazlal
Ru
Sif Muna
Trog
Uskayaw
Vehumet
Wu Jian
Xom
Yredelemnul
Zin
The Shining One

Shops:
D:6 [

Annotations:
Lair:2 Gastronok, Urug


Innate Abilities, Weirdness & Mutations

You cannot wear most types of armour.
You are very stealthy in the water. (Stealth+)
You are amphibious.
You can wear up to eight rings at the same time.
You can use your tentacles to constrict eight enemies at once.
Your skin changes colour to match your surroundings (Stealth+).
Your rubbery body absorbs attacks. (AC +1, EV +1)


Message History

Confirm with . or Enter, or press ? or * to list all spells.
Aiming: Flame Tongue (safe; 1% risk of failure)
Press: ? - help, Shift-Dir - straight line, f/p - Urug
Aim: Urug, wielding a broad axe of flaming and wearing an ancient chain mail The flame tongue hits Urug.
Urug appears unharmed.
Urug is almost dead.
Urug burns!
Urug hits you with a broad axe of flaming!!
Urug burns you!
Unknown command.
Casting: Flame Tongue (safe; 1% risk of failure)
Confirm with . or Enter, or press ? or * to list all spells.
Aiming: Flame Tongue (safe; 1% risk of failure)
Press: ? - help, Shift-Dir - straight line, f/p - Urug
Aim: Urug, wielding a broad axe of flaming and wearing an ancient chain mail The flame tongue misses Urug.
Urug burns!
Urug hits you with a broad axe of flaming!!
* * * LOW HITPOINT WARNING * * *
Urug burns you!
You die...

.## #....###.....# #.#..# .#
#..#..#.##..## #.P..P .#
##..P....P#..# ### ##....# .#
#.........#..#*##.## #.#....
.#####.....##.....##P##.#####....
..##.......P##............# #....
..............<...P.####..####..P
.###.....P.###.#...## ###..##...#
.##.#.....## #..@.## #..........
.P##......# #..o.P# ##.#.###...
....#..#.## #.P(.######.### #...
...#...#..####(...........# #...
.................##.#.##..#####.#
##...........###.P#.#####........
.#.....#.....#P#.#### ##.##...#
.........o.......# ##.#####
......#.#####P.#.# ###


You could see Urug (burning).

Vanquished Creatures
  A black mamba (Lair:2)
  Psyche (D:8)
  4 spiny frogs
  A komodo dragon (Lair:2)
  2 hippogriffs (Lair:2)
  12 yaks
  A basilisk (D:8)
  2 hungry ghosts
  Menkaure (D:4)
  2 water moccasins
  4 porcupines (D:8)
  An ice beast (D:8)
  2 sky beasts (D:7)
  2 ogres
  A necrophage (D:8)
  2 phantoms
  3 wolves (Lair:1)
  A centaur (D:5)
  6 crocodiles
  4 bullfrogs
  A big kobold (D:8)
  A water moccasin zombie (D:7)
  9 killer bees (D:7)
  6 howler monkeys
  2 crimson imps (D:8)
  A centaur zombie (D:5)
  2 hounds
  A centaur skeleton (D:5)
  A gnoll shaman (D:6)
  A quasit (D:7)
  2 orc priests
  3 bullfrog skeletons
  7 orc wizards
  3 worker ants
  Robin (D:3)
  3 gnolls (D:6)
  11 adders
  2 oozes (D:1)
  An adder zombie (D:7)
  A worm (D:4)
  3 dart slugs
  2 leopard geckos
  20 orcs
  3 giant cockroaches
  7 hobgoblins
  12 jackals
  18 kobolds
  4 quokkas
  9 bats
  3 frilled lizards
  11 goblins
  A quokka skeleton (D:6)
  4 rats
209 creatures vanquished.

Vanquished Creatures (others)
  4 bushes (D:8)
  7 fungi
  31 plants
42 creatures vanquished.

Grand Total: 251 creatures vanquished

Notes
Turn   | Place    | Note
-------+----------+-------------------------------------------
     0 | D:1      | OPFEOP the Octopode Fire Elementalist began the quest for
                  | the Orb.
     0 | D:1      | Reached XP level 1. HP: 11/11 MP: 3/3
   341 | D:1      | Reached XP level 2. HP: 14/17 MP: 3/5
   970 | D:1      | Reached XP level 3. HP: 18/21 MP: 2/6
  1803 | D:2      | Learned a level 3 spell: Conjure Flame
  2021 | D:2      | Found a glowing golden altar of the Shining One.
  2109 | D:3      | Found a burning altar of Makhleb.
  2119 | D:3      | Reached XP level 4. HP: 27/27 MP: 3/7
  2207 | D:3      | Learned a level 4 spell: Sticky Flame
  2270 | D:3      | Reached skill level 4 in Fire Magic
  2936 | D:3      | Reached XP level 5. HP: 31/31 MP: 6/9
  3129 | D:3      | Noticed Robin
  3237 | D:3      | Killed Robin
  3885 | D:4      | Reached XP level 6. HP: 36/36 MP: 7/10
  3923 | D:4      | Noticed Menkaure
  3935 | D:4      | Killed Menkaure
  4490 | D:4      | Reached skill level 5 in Fire Magic
  5023 | D:4      | Reached XP level 7. HP: 37/41 MP: 5/12
  5482 | D:5      | Entered Level 5 of the Dungeon
  5649 | D:5      | Found a staircase to the Ecumenical Temple.
  5654 | Temple   | Entered the Ecumenical Temple
  5682 | Temple   | Became a worshipper of Vehumet
  5870 | D:5      | Learned a level 5 spell: Fireball
  5985 | D:5      | Found a shattered altar of Ashenzari.
  6193 | D:5      | Reached XP level 8. HP: 46/46 MP: 4/14
  6609 | D:6      | Found Bocin's Armour Shop.
  6622 | D:6      | Reached skill level 6 in Fire Magic
  6720 | D:6      | Found a shimmering altar of Xom.
  6721 | D:6      | Noticed an angel
  6722 | D:6      | Found a glowing silver altar of Zin.
  7085 | D:6      | Reached skill level 5 in Spellcasting
  7158 | D:6      | Reached skill level 1 in Shields
  7158 | D:6      | Reached skill level 5 in Conjurations
  7600 | D:7      | Found a sacrificial altar of Ru.
  7692 | D:7      | Reached * piety under Vehumet
  7692 | D:7      | Offered knowledge of Sting by Vehumet.
  7926 | D:8      | Reached XP level 9. HP: 35/51 MP: 10/17
  8220 | D:7      | Found a hide-covered altar of Uskayaw.
  8220 | D:7      | Found an opulent altar of Gozag.
  8220 | D:7      | Found a snail-covered altar of Cheibriados.
  8221 | D:7      | Found an ornate altar of the Wu Jian Council.
  8222 | D:7      | Found a sacrificial altar of Ru.
  8222 | D:7      | Found a blossoming altar of Fedhas.
  8222 | D:7      | Found an iron altar of Okawaru.
  8236 | D:7      | Reached skill level 7 in Fire Magic
  8265 | D:7      | Found a hazy altar of Hepliaklqana.
  8941 | D:8      | Offered knowledge of Shock by Vehumet.
  9037 | D:8      | Reached ** piety under Vehumet
  9089 | D:8      | Noticed Psyche
  9213 | D:8      | Killed Psyche
  9324 | D:8      | Reached skill level 5 in Dodging
  9434 | D:8      | Reached XP level 10. HP: 45/56 MP: 11/19
  9629 | D:8      | Reached skill level 5 in Shields
  9629 | D:8      | Reached skill level 8 in Fire Magic
  9742 | D:8      | Found a staircase to the Lair.
 10292 | Lair:1   | Entered Level 1 of the Lair of Beasts
 10292 | Lair:1   | Noticed a spiny frog
 10301 | Lair:1   | Killed a spiny frog
 10681 | Lair:1   | Noticed a spiny frog
 10693 | Lair:1   | Killed a spiny frog
 11320 | Lair:2   | Noticed a black mamba
 11325 | Lair:2   | Killed a black mamba
 11528 | Lair:2   | Noticed a spiny frog
 11539 | Lair:1   | Offered knowledge of Dazzling Spray by Vehumet.
 11670 | Lair:2   | Reached XP level 11. HP: 50/61 MP: 13/22
 11881 | Lair:2   | Reached skill level 9 in Fire Magic
 12371 | Lair:2   | Noticed Gastronok
 12563 | Lair:2   | Reached *** piety under Vehumet
 12956 | Lair:2   | Noticed Urug
 13180 | Lair:2   | Mangled by Urug

Skill      XL: |  1  2  3  4  5  6  7  8  9 10 11 |
---------------+----------------------------------+-----
Fire Magic     | 4 5 6 7 8 9 |  9.2
Conjurations   | 2 3 4 5 6 8 |  8.5
Spellcasting   | 3 4 5 6 7 8 |  8.0
Dodging        | 3 4 5 6 |  6.2
Shields        | 2 4 6 |  6.8
Stealth        | |  2.7

Action                   |  1- 3 |  4- 6 |  7- 9 | 10-12 || total
-------------------------+-------+-------+-------+-------++-------
Melee: Unarmed           |     6 |       |       |       ||     6
       Tentacles         |     3 |     3 |     6 |     3 ||    15
       Constrict         |     3 |     6 |     5 |     4 ||    18
       Dagger            |    12 |    20 |    21 |    25 ||    78
 Cast: Flame Tongue      |    55 |    94 |   193 |    74 ||   416
       Conjure Flame     |       |     4 |    13 |    21 ||    38
       Sticky Flame      |       |     3 |    10 |    25 ||    38
       Fireball          |       |       |     9 |    18 ||    27
Evoke: Wand              |       |       |       |     1 ||     1
  Use: Scroll            |     6 |     1 |     2 |     6 ||    15
       Potion            |       |       |     2 |       ||     2
 Stab: Sleeping          |       |     2 |     1 |       ||     3
  Eat: Chunk             |     1 |     9 |    16 |    11 ||    37
       Ration            |     1 |       |     1 |     2 ||     4
Armor: Skin              |     3 |     2 |     6 |     3 ||    14
Dodge: Dodged            |    26 |    31 |    67 |    47 ||   171
